 Dungeon Crawl Stone Soup version 0.18.1-50-g88ac8fd (webtiles) character file.

717 Chiseanne the Covert (level 7, -7/33 HPs)
             Began as a Spriggan Assassin on Apr 3, 2017.
             Killed by divine providence
             ... invoked by an orc priest
              (16 damage)
             ... on level 5 of the Dungeon.
             The game lasted 00:12:46 (5359 turns).

Chiseanne the Covert (Spriggan Assassin)            Turns: 5359, Time: 00:12:47

Health: -7/33      AC:  4    Str:  7    XL:     7   Next: 42%
Magic:  8/8        EV: 17    Int: 13    God:
Gold:   156        SH:  0    Dex: 23    Spells: 0 memorised, 6 levels left

rFire  . . .     SeeInvis +     a - +3 dagger
rCold  . . .     Gourm    .     c - +0 robe
rNeg   . . .     Faith    .     (shield restricted)
rPois  +         Spirit   .     (helmet restricted)
rElec  +         Dismiss  .     d - +1 cloak
rCorr  .         Reflect  .     (gloves unavailable)
SustAt .         Harm     .     (boots unavailable)
MR     +....     NoTele   +     (no amulet)
Stlth  +++++++...               (no ring)
                                v - ring "Jonuleb" {-Tele +Fly rElec rPois Dex+4}

@: very quick, somewhat resistant to hostile enchantments, extremely stealthy
A: unfitting armour, see invisible, herbivore 3, speed 3, slow metabolism 2
a: Evoke Flight


You were on level 5 of the Dungeon.
You were full.

You visited 1 branch of the dungeon, and saw 5 of its levels.

You collected 156 gold pieces.

Inventory:

Hand Weapons
 a - a +3 dagger (weapon)
 s - a +1 short sword of flaming
 w - a +0 blowgun
Missiles
 e - 3 poisoned needles
 f - a curare-tipped needle
 h - 37 stones (quivered)
 i - 47 bolts
 j - 75 sling bullets
 q - 31 arrows
Armour
 c - a +0 robe (worn)
 d - a +1 cloak (worn)
Jewellery
 v - the ring "Jonuleb" (left hand) {-Tele +Fly rElec rPois Dex+4}
   (You found it on level 4 of the Dungeon)

   [ring of flight]

   It affects your dexterity (+4).
   It insulates you from electricity.
   It protects you from poison.
   It lets you fly.
   It prevents most forms of teleportation.
Wands
 u - a wand of flame (29/48)
Scrolls
 b - 2 scrolls of remove curse
 o - 2 scrolls of fog
 p - 2 scrolls of enchant weapon
 t - a scroll of teleportation
Potions
 k - a potion of lignification {unknown}
 l - 2 potions of heal wounds
 m - a potion of curing
 n - a potion of might {unknown}
 r - a potion of degeneration {unknown}
Comestibles
 g - a bread ration


   Skills:
 - Level 1.5 Fighting
 - Level 2.1 Short Blades
 - Level 2.0 Throwing
 - Level 1.5 Dodging
 * Level 13.4 Stealth


You had 6 spell levels left.
You didn't know any spells.

Dungeon Overview and Level Annotations

Branches:
Dungeon (5/15)
 Temple: D:4-7

Altars:
Cheibriados
Dithmenos
Fedhas
Okawaru
Ru
Yredelemnul

Shops:
D:5 }


Innate Abilities, Weirdness & Mutations

You are tiny and cannot use many weapons and most armour.
You have supernaturally acute eyesight.
You are a herbivore.
You cover ground extremely quickly.
You need consume almost no food.


Message History

You hit the crimson imp.
The crimson imp is moderately wounded.
The crimson imp misses you.
You barely miss the crimson imp.
The crimson imp is moderately wounded.
The crimson imp closely misses you.
You barely miss the crimson imp.
The crimson imp is lightly wounded.
The crimson imp completely misses you.
You hit the crimson imp.
The crimson imp is heavily wounded.
The orc priest mumbles some strange prayers to Beogh against you.
Beogh smites you!
* * * LOW HITPOINT WARNING * * *
The crimson imp closely misses you.
You hit the crimson imp.
The crimson imp is severely wounded.
The orc priest invokes the aid of Beogh against you.
Beogh smites you!
You die...

.#.#*#......#.......###...#.####.
....,,,#..*#.######......###.....
o#.#***#.#*#.# ######..#.#.###
.#.# #.# #.# #.#.##.# .#.#####.#
#.# #.#.##.# .........###.#
#.#.##.# .#...........# #.#.##.#
.######..###############.#.##.#
.# #..# #o5@......).#.##.# .#
#..#####.###########..,,*
.######.......,* #.#***
.........######****** *,*
#######........,,,,,* *,******
#.#######****,* *,,,,,,, #.# *,*
**,****** #.# *,* **,,,** #.# *,*
*,,,,,**


You could see an orc priest and a crimson imp.

Vanquished Creatures
  Sigmund (D:3)
  A giant frog zombie (D:5)
  2 hounds
  An orc priest (D:5)
  5 orc wizards
  A centaur skeleton (D:4)
  3 worker ants (D:4)
  Robin (D:2)
  6 adders
  An ooze (D:1)
  4 dart slugs
  2 giant geckos
  16 orcs
  3 giant cockroaches
  2 gnoll zombies (D:2)
  13 goblins
  14 hobgoblins
  6 jackals (D:2)
  A quokka (D:2)
  A ball python (D:2)
  7 bats
  7 giant newts
  6 kobolds
  6 rats
110 creatures vanquished.

Notes
Turn   | Place    | Note
--------------------------------------------------------------
     0 | D:1      | Chiseanne the Spriggan Assassin began the quest for the Orb.
     0 | D:1      | Reached XP level 1. HP: 10/10 MP: 2/2
    40 | D:1      | Reached skill level 6 in Stealth
   123 | D:1      | Reached XP level 2. HP: 14/14 MP: 3/3
   265 | D:1      | Reached skill level 7 in Stealth
   537 | D:1      | Reached XP level 3. HP: 18/18 MP: 4/4
   960 | D:2      | Reached skill level 8 in Stealth
  1081 | D:2      | Noticed Robin
  1171 | D:2      | Killed Robin
  1171 | D:2      | Reached XP level 4. HP: 22/22 MP: 5/5
  1629 | D:2      | Found a basalt altar of Yredelemnul.
  1861 | D:2      | Reached skill level 9 in Stealth
  2455 | D:2      | Found an iron altar of Okawaru.
  2904 | D:3      | Noticed Sigmund
  2906 | D:3      | Killed Sigmund
  2906 | D:3      | Reached skill level 11 in Stealth
  2906 | D:3      | Reached XP level 5. HP: 25/25 MP: 6/6
  2906 | D:3      | Reached XP level 6. HP: 30/30 MP: 7/7
  3558 | D:4      | Found a shadowy altar of Dithmenos.
  3968 | D:4      | Reached skill level 12 in Stealth
  4213 | D:4      | Found a blossoming altar of Fedhas.
  4214 | D:4      | Found a snail-covered altar of Cheibriados.
  4481 | D:4      | Got a clouded copper ring
  4511 | D:4      | Identified the ring "Jonuleb" {-Tele +Fly rElec rPois Dex+4} (You found it on level 4 of the Dungeon)
  4529 | D:4      | Reached XP level 7. HP: 33/33 MP: 8/8
  4711 | D:5      | Entered Level 5 of the Dungeon
  4711 | D:5      | Found Fuzim's Gadget Shop.
  4974 | D:5      | Reached skill level 13 in Stealth
  5191 | D:5      | Found a sacrificial altar of Ru.
  5359 | D:5      | Killed from afar by an orc priest

Skill      XL: |  1  2  3  4  5  6  7 |
---------------+----------------------+-----
Stealth        | 6 7 8 11 12 13 | 13.4
Fighting       | |  1.5
Short Blades   | |  2.1
Throwing       | |  2.0
Dodging        | |  1.5

Action                   |  1- 3 |  4- 6 |  7- 9 || total
-------------------------+-------+-------+-------++-------
Melee: Dagger            |    96 |   138 |    59 ||   293
       Short sword       |       |    12 |    38 ||    50
 Fire: Blowgun           |    10 |    41 |     8 ||    59
Throw: Stone             |       |     2 |       ||     2
  Use: Scroll            |     2 |    10 |     2 ||    14
       Potion            |       |     2 |     1 ||     3
 Stab: Sleeping          |    21 |    14 |       ||    35
       Distracted        |       |     3 |       ||     3
  Eat: Pizza             |       |     1 |       ||     1
       Bread ration      |       |       |     1 ||     1
Armor: Robe              |     8 |     7 |     9 ||    24
Dodge: Dodged            |    50 |    96 |    71 ||   217
